 Dungeon Crawl Stone Soup version 0.21-a0-504-g2eda330 (webtiles) character file.

34743 Lazav66 the Spear-Bearer (level 14, -3/101 HPs)
             Began as a Formicid Fighter on Nov 26, 2017.
             Was a High Priest of Hepliaklqana.
             Slain by a black mamba (5 damage)
             ... on level 5 of the Lair of Beasts.
             The game lasted 00:59:01 (19898 turns).

Lazav66 the Spear-Bearer (Formicid Fighter)        Turns: 19898, Time: 00:59:02

Health: -3/101     AC: 25    Str: 28    XL:     14   Next: 14%
Magic:  0/17       EV:  9    Int:  8    God:    Hepliaklqana [*****.]
Gold:   1225       SH: 14    Dex: 14    Spells: 13/13 levels left

rFire    . . .     SeeInvis +   I - +0 halberd
rCold    + . .     Gourm    .   c - +0 shield
rNeg     . . .     Faith    .   X - +0 plate armour
rPois    .         Spirit   +   (helmet unavailable)
rElec    .         Reflect  .   n - +0 cloak
rCorr    .         Harm     .   S - +2 pair of gloves
MR       +....                  b - +1 pair of boots
Stlth    ..........             P - amulet of guardian spirit
HPRegen  0.26/turn              Y - ring of Inahal {*Tele rC+}
MPRegen  0.15/turn              t - ring "Wyniomao" {AC+3 Str+6}

@: lethally poisoned (-3 -> -27)
A: permanent stasis, dig shafts and tunnels, four strong arms, reduced essence,
antennae 3
a: Dig, Shaft Self, Recall Ancestor, Ancestor Identity, Transference, Idealise,
Renounce Religion


You were on level 5 of the Lair of Beasts.
You worshipped Hepliaklqana.
Hepliaklqana was extremely pleased with you.
You were hungry.

You visited 3 branches of the dungeon, and saw 18 of its levels.

You collected 1225 gold pieces.

Inventory:

Hand Weapons
 a - a +0 trident
 I - a +0 halberd (weapon)
Missiles
 e - 475 stones (quivered)
 L - 3 steel tomahawks
Armour
 b - a +1 pair of boots (worn)
 c - a +0 shield (worn)
 n - a +0 cloak (worn)
 S - a +2 pair of gloves (worn)
 X - a +0 plate armour (worn)
Jewellery
 t - the ring "Wyniomao" (right hand) {AC+3 Str+6}
   (You found it on level 6 of the Dungeon)

   [ring of protection]

   It affects your AC (+3).
   It affects your strength (+6).
 y - an uncursed ring of flight {unknown}
 D - an uncursed ring of ice
 M - an uncursed ring of protection from magic
 P - an amulet of guardian spirit (around neck)
 T - an uncursed ring of stealth
 W - an uncursed amulet of faith
 Y - the ring of Inahal (left hand) {*Tele rC+}
   (You found it on level 2 of the Lair of Beasts)

   [ring of teleportation]

   It may teleport you next to monsters.
   It protects you from cold.
 Z - a cursed -3 ring of protection {unknown}
Wands
 H - a wand of scattershot (6)
 J - a wand of paralysis (9)
 U - a wand of acid (17)
Scrolls
 d - 2 scrolls of enchant armour
 j - 2 scrolls of vulnerability {unknown}
 l - 12 scrolls of remove curse
 m - a scroll of torment {unknown}
 p - a scroll of immolation {unknown}
 q - 2 scrolls of magic mapping
 r - 2 scrolls of amnesia {unknown}
 F - 4 scrolls of random uselessness {unknown}
 K - 3 scrolls of fear {unknown}
 R - 2 scrolls of fog {unknown}
 V - a scroll of brand weapon {unknown}
Potions
 g - 8 potions of flight
 i - 2 potions of haste
 k - 2 potions of brilliance
 o - a potion of resistance
 s - 3 potions of curing
 u - 2 potions of berserk rage
 w - 3 potions of mutation
 z - 3 potions of ambrosia
 B - 3 potions of might
 N - 5 potions of lignification
 O - 2 potions of agility
 Q - a potion of magic {unknown}
Comestibles
 f - 7 bread rations
 h - 8 meat rations
 v - 11 chunks of flesh
 x - 16 fruits
 A - 17 royal jellies


   Skills:
 + Level 11.2 Fighting
 * Level 14.6 Polearms
 + Level 11.4 Armour
 - Level 1.9 Dodging
 - Level 0.7 Stealth
 + Level 12.3 Shields
 + Level 4.4 Invocations


You had 13 spell levels left.
You didn't know any spells.

Dungeon Overview and Level Annotations

Branches:
Dungeon (11/15)            Temple (1/1) D:7            Lair (6/6) D:8
 Shoals (0/4) Lair:4       Spider (0/4) Lair:4        Slime (0/5) Lair:5
    Orc (0/2) D:9

Altars:
Dithmenos
Gozag
Hepliaklqana
Makhleb
Nemelex Xobeh
Ru
Trog
Uskayaw
Vehumet
Wu Jian
Yredelemnul
The Shining One
Beogh

Shops:
D:4 %   D:7 }   D:8 (   D:11 ?

Annotations:
Lair:1 exclusion: 2 oklob plants
Lair:2 exclusion: oklob plant
Lair:4 exclusion: oklob plant


Innate Abilities, Weirdness & Mutations

You cannot be hasted, slowed, berserked, paralysed or teleported.
You can dig through walls and to a lower floor.
Your four strong arms can wield two-handed weapons with a shield.
You have a pair of large antennae on your head. (SInv)
Your life essence is reduced to manifest your ancestor. (-10% HP)


Message History

You feel sick.
The black mamba bites you but does no damage.
You closely miss the black mamba.
The black mamba is heavily wounded.
You feel sick. You block the black mamba's attack.
You block the crocodile's attack.
Manco Capac misses the crocodile.
The black mamba bites you.
* * * LOW HITPOINT WARNING * * *
You are lethally poisoned!
The black mamba poisons you!
You completely miss the black mamba.
The black mamba is heavily wounded.
* * * LOW HITPOINT WARNING * * *
You feel sick. You block the black mamba's attack. The crocodile bites you!
* * * LOW HITPOINT WARNING * * *
* * * LOW HITPOINT WARNING * * *
You feel very sick.
Manco Capac hits the crocodile with a flail.
The crocodile bites Manco Capac!
The black mamba bites you.
You die...

##.....#....## #P ##...##....# #.
### ##........# ## #R##
#...#..P.#####. #######.#
#....#..P#..#.# ##.P.....#
####.PP...P.......
##...>....######.##.#.....#...##.
#P..PP###>..?#...........#..#..P.
P...### #.......@S...............
#....# ##......R>##...P.........
##..## ####.....t.#.........##...
#..## #...................##....
...P####P....P..#...............R
#P.....#....##.#.###..........###
##....##..###...###.......#...# #
##....##.P.#P..##.#.........##
#.#P.##........#........#.###


You could see the friendly Manco Capac the knight, a black mamba and a
crocodile.

Vanquished Creatures
  2 hydras
  Erica (D:10)
  A manticore (D:11)
  2 black mambas
  7 spiny frogs
  A kobold demonologist (D:11)
  5 rime drakes
  3 komodo dragons
  A queen bee (Lair:2)
  A troll (D:9)
  12 blink frogs
  A snapping turtle (Lair:4)
  2 slime creatures (Lair:5)
  10 hippogriffs
  A dream sheep (Lair:5)
  21 yaks
  3 wyverns
  A wraith (D:10)
  A basilisk (Lair:2)
  4 swamp worms (Lair:5)
  A steam dragon (Lair:6)
  A soldier ant (D:10)
  6 porcupines
  4 water moccasins
  2 orc warriors
  5 black bears
  2 sky beasts
  4 ice beasts
  4 centaurs
  10 wolves
  3 ogres
  2 big kobolds
  11 crocodiles
  8 bullfrogs
  A wyvern zombie (D:9)
  2 scorpions
  22 killer bees (Lair:2)
  9 wights
  4 howler monkeys
  3 electric eels (Lair:4)
  2 centaur zombies
  3 bullfrog zombies
  4 hounds
  4 crimson imps
  3 jellies
  4 orc priests
  5 orc wizards
  Crazy Yiuf (D:2)
  2 centaur skeletons
  A gnoll shaman (D:6)
  4 iguanas
  Terence (D:2)
  2 bullfrog skeletons (D:5)
  3 worker ants
  A statue (D:6)
  A hound zombie (D:5)
  10 adders
  5 gnolls (D:6)
  A river rat (Lair:2)
  3 shadow imps
  An adder skeleton (D:8)
  17 worms
  A dart slug (D:1)
  10 leopard geckos
  52 orcs
  7 giant cockroaches
  9 hobgoblins
  21 jackals
  5 quokkas
  A ball python skeleton (D:4)
  12 bats
  3 frilled lizards (D:3)
  4 goblins
  A jackal skeleton (D:6)
  10 kobolds
  A leopard gecko skeleton (D:4)
  7 rats
  A fungus (Lair:4)
  2 plants (Lair:5)
409 creatures vanquished.

Vanquished Creatures (collateral kills)
  2 hydras
  A two-headed ogre (D:8)
  Joseph (Lair:1)
  A gargoyle (D:8)
  A centaur skeleton (D:10)
  A spiny frog (Lair:2)
  A komodo dragon (Lair:6)
  A troll (D:9)
  2 blink frogs (Lair:5)
  3 hippogriffs
  3 yaks
  4 basilisks
  3 swamp worms (Lair:5)
  5 water moccasins
  2 porcupines
  4 orc warriors (D:9)
  2 black bears (D:8)
  6 wolves
  A centaur (D:7)
  3 crocodiles
  5 bullfrogs
  A scorpion (D:8)
  6 killer bees (Lair:2)
  4 wights
  2 howler monkeys (D:10)
  2 bullfrog zombies
  2 jellies (Lair:5)
  3 orc priests (D:9)
  2 hounds
  An orc wizard (D:11)
  A worker ant (D:9)
  A killer bee zombie (D:10)
  16 orcs
  A giant cockroach (D:8)
  A plant (Lair:5)
95 creatures vanquished.

Vanquished Creatures (others)
  5 knights
  2 ancestors (D:8)
  A bush (Lair:6)
  4 fungi
  19 plants (Lair:4)
31 creatures vanquished.

Grand Total: 535 creatures vanquished

Notes
Turn   | Place    | Note
-------+----------+-------------------------------------------
     0 | D:1      | Lazav66 the Formicid Fighter began the quest for the Orb.
     0 | D:1      | Reached XP level 1. HP: 18/18 MP: 1/1
   201 | D:1      | Reached XP level 2. HP: 21/24 MP: 2/2
   898 | D:1      | Reached XP level 3. HP: 27/29 MP: 3/3
  1069 | D:2      | Noticed an ogre
  1081 | D:2      | Killed an ogre
  1081 | D:2      | Reached skill level 3 in Polearms
  1081 | D:2      | Reached XP level 4. HP: 6/35 MP: 4/4
  1081 | D:2      | Reached XP level 5. HP: 7/41 MP: 5/5
  1452 | D:2      | Reached skill level 4 in Polearms
  1604 | D:2      | Noticed Terence
  1615 | D:2      | Killed Terence
  1781 | D:2      | Found a runed door.
  1785 | D:2      | Noticed Crazy Yiuf
  1792 | D:2      | Killed Crazy Yiuf
  1792 | D:2      | Reached XP level 6. HP: 37/48 MP: 6/6
  1959 | D:2      | Found a burning altar of Makhleb.
  3121 | D:4      | Reached skill level 5 in Polearms
  3534 | D:4      | Found Ojyir's Food Emporium.
  3813 | D:4      | Found a sacrificial altar of Ru.
  3950 | D:5      | Entered Level 5 of the Dungeon
  4087 | D:5      | Reached XP level 7. HP: 50/53 MP: 7/7
  4125 | D:5      | Reached skill level 1 in Dodging
  4545 | D:5      | Reached skill level 6 in Polearms
  4826 | D:5      | Found a sparkling altar of Nemelex Xobeh.
  4941 | D:5      | Reached skill level 5 in Shields
  5202 | D:6      | Got a crude golden ring
  5203 | D:6      | Identified the ring "Wyniomao" {AC+3 Str+6} (You found it on level 6 of the Dungeon)
  5272 | D:6      | Reached XP level 8. HP: 53/60 MP: 8/8
  5307 | D:6      | Found a radiant altar of Vehumet.
  5416 | D:6      | Found a shadowy altar of Dithmenos.
  5451 | D:6      | Reached skill level 5 in Armour
  5501 | D:6      | Reached skill level 7 in Polearms
  5636 | D:6      | Found a hide-covered altar of Uskayaw.
  6241 | D:7      | Found a staircase to the Ecumenical Temple.
  6247 | Temple   | Entered the Ecumenical Temple
  6260 | Temple   | Became a worshipper of Hepliaklqana the Forgotten
  6399 | D:7      | Found Fapol's Gadget Emporium.
  6419 | D:7      | Noticed a hippogriff
  6426 | D:7      | Killed a hippogriff
  6426 | D:7      | Reached skill level 8 in Polearms
  6602 | D:7      | Reached XP level 9. HP: 60/60 MP: 9/9
  6622 | D:7      | Noticed a hippogriff
  6634 | D:7      | Killed a hippogriff
  6634 | D:7      | Reached skill level 5 in Fighting
  6993 | D:7      | Found a sparkling altar of Nemelex Xobeh.
  7083 | D:8      | Found a bloodstained altar of Trog.
  7118 | D:8      | Found Gewurupn's Antique Weapon Shop.
  7189 | D:8      | Reached skill level 9 in Polearms
  7495 | D:8      | Reached XP level 10. HP: 65/68 MP: 10/10
  7751 | D:8      | Reached * piety under Hepliaklqana
  7990 | D:8      | Reached skill level 10 in Polearms
  8190 | D:8      | Noticed a gargoyle
  8477 | D:8      | Reached ** piety under Hepliaklqana
  8478 | D:8      | Remembered your ancestor Manco Capac as a knight
  8532 | D:8      | Noticed a two-headed ogre
  8538 | D:8      | Killed a two-headed ogre
  8566 | D:8      | Killed a gargoyle
  8695 | D:8      | Found a staircase to the Lair.
  9461 | D:9      | Found an opulent altar of Gozag.
  9572 | D:9      | Reached XP level 11. HP: 75/75 MP: 11/11
  9600 | D:9      | Reached skill level 11 in Polearms
 10550 | D:9      | Found a roughly hewn altar of Beogh.
 10550 | D:9      | Found a staircase to the Orcish Mines.
 10608 | D:10     | Entered Level 10 of the Dungeon
 11132 | D:10     | Reached *** piety under Hepliaklqana
 11193 | D:10     | Noticed Erica
 11222 | D:10     | Killed Erica
 11353 | D:10     | Reached skill level 12 in Polearms
 11809 | D:11     | Noticed a manticore
 11816 | D:11     | Found Geuv Bad's Magic Scroll Shop.
 11824 | D:11     | Killed a manticore
 11824 | D:11     | Reached XP level 12. HP: 71/84 MP: 12/12
 12114 | D:11     | Reached skill level 10 in Shields
 12208 | D:11     | Noticed a four-headed hydra
 12230 | D:11     | Killed a four-headed hydra
 12946 | Lair:1   | Entered Level 1 of the Lair of Beasts
 12949 | Lair:1   | Reached **** piety under Hepliaklqana
 13532 | Lair:1   | Noticed Joseph
 13549 | Lair:1   | Killed Joseph
 14001 | Lair:2   | Reached ***** piety under Hepliaklqana
 14328 | Lair:2   | Reached skill level 13 in Polearms
 14332 | Lair:2   | HP: 2/86 [bullfrog (4)]
 14814 | Lair:2   | Reached skill level 10 in Armour
 14886 | Lair:2   | Got a scintillating tin ring
 15088 | Lair:2   | Reached skill level 10 in Fighting
 15382 | Lair:2   | Reached XP level 13. HP: 92/92 MP: 13/13
 15557 | Lair:2   | Identified the ring of Inahal {*Tele rC+} (You found it on level 2 of the Lair of Beasts)
 16022 | Lair:2   | Noticed an eight-headed hydra
 16038 | Lair:2   | Killed an eight-headed hydra
 16302 | Lair:3   | Noticed a six-headed hydra
 16312 | Lair:2   | Killed a six-headed hydra
 16862 | Lair:3   | Reached skill level 14 in Polearms
 16873 | Lair:3   | Reached skill level 1 in Invocations
 17190 | Lair:4   | Found a hole to the Spider Nest.
 17441 | Lair:4   | Found a staircase to the Shoals.
 17755 | Lair:4   | Noticed a four-headed hydra
 17773 | Lair:4   | Killed a four-headed hydra
 19105 | Lair:5   | Found a staircase to the Slime Pits.
 19275 | Lair:5   | Reached XP level 14. HP: 99/101 MP: 16/16
 19751 | Lair:6   | Entered Level 6 of the Lair of Beasts
 19897 | Lair:5   | HP: 5/101 [crocodile (11)]
 19898 | Lair:5   | HP: 2/101 [poisoned by a black mamba]
 19898 | Lair:5   | Slain by a black mamba

Vault maps used:
D:1:      dpeg_arrival_circle_labyrinth_a, minmay_misc_feat_enclosed,
          serial_bayou_lake_a
D:2:      lemuel_doored_altar, kennysheep_another_room, uniq_crazy_yiuf_cottage,
          uniq_terence
D:3:      first_bread
D:4:      kennysheep_mini, serial_shops,
          nicolae_shop_competitors_out_of_business, mrwooster_statue_mirror
D:5:      kb_forest_paths, nemelex_lonely_heart_becter
D:6:      nicolae_dithmenos_the_darkroom, vehumet_statue,
          eat_drink_and_be_merry_uskayaw
D:7:      overflow_temple_1_default, minmay_temple_entry_overgrown,
          serial_shops, kennysheep_little_box
D:8:      minmay_distorted_concentric_squares, trog_ov_bears_minmay,
          minmay_lair_entry_grove, serial_shops, shop
D:9:      david_orc_5, nicolae_gozag_cash_rules_everything_around_me
D:10:     uniq_erica
D:11:     portal_ice_cave_entry_pillars_1, serial_shops, shop
Temple:   regret_index_temple_waves
Lair:1:   disabler_island, grunt_megastairs_4, uniq_joseph
Lair:2:   regret_index_bee_streams, grunt_megastairs_5,
          minmay_lair_oklob_chamber
Lair:3:   grunt_megastairs_1
Lair:4:   minmay_lair_oklob_tunnel, minmay_shoals_entry_hut,
          spider_nest_entry_web_field, infiniplex_staircase_pool
Lair:5:   minmay_slime_entry_pillars, worms_lemuel
Lair:6:   guppyfry_lair_end_dragon, hangedman_lair_caniforms_friends,
          grunt_megastairs_3

Skill      XL: |  1  2  3  4  5  6  7  8  9 10 11 12 13 14 |
---------------+-------------------------------------------+-----
Shields        | 4 5 7 8 9 11 12 | 12.3
Polearms       | 3 4 5 6 8 9 10 12 13 14 | 14.6
Armour         | 4 5 6 7 9 10 11 | 11.4
Dodging        | 1 |  1.9
Fighting       | 4 6 7 8 10 11 | 11.2
Invocations    | 3 4 |  4.4
Stealth        | |  0.7

Action                   |  1- 3 |  4- 6 |  7- 9 | 10-12 | 13-15 || total
-------------------------+-------+-------+-------+-------+-------++-------
Melee: Trident           |    80 |   261 |   387 |   979 |   632 ||  2339
       Halberd           |       |       |       |       |    71 ||    71
Invok: Ancestor Life: Kn |       |       |       |     1 |       ||     1
       Recall Ancestor   |       |       |       |     1 |     1 ||     2
       Ancestor Identity |       |       |       |       |     1 ||     1
  Use: Potion            |     1 |       |       |       |     1 ||     2
       Scroll            |       |       |     6 |     4 |     9 ||    19
 Stab: Distracted        |       |       |     1 |     4 |     4 ||     9
  Eat: Chunk             |     1 |    10 |    11 |    20 |    15 ||    57
       Fruit             |       |       |       |     1 |       ||     1
       Bread ration      |       |       |       |     1 |       ||     1
Armor: Scale mail        |    20 |    91 |    12 |       |       ||   123
       Chain mail        |       |       |   109 |    87 |       ||   196
       Plate armour      |       |       |       |   164 |   194 ||   358
Dodge: Dodged            |    24 |    90 |    74 |   163 |   111 ||   462
Block: Shield            |    25 |   124 |   151 |   385 |   258 ||   943

Table legend:
 A = Spawn XP
 B = Non-spawn XP
 C = Spawn XP percentage of total XP
 D = Spawn monster count
 E = Non-spawn monster count
 F = Spawn count percentage of total count
 G = Total turns spent on level
                    A         B        C        D         E        F      G
               +---------+---------+-------+---------+---------+-------+---------
         Total |       0 |   49633 |   0.0 |       0 |     500 |   0.0 | 19898
               +---------+---------+-------+---------+---------+-------+---------
           D:1 |       0 |      29 |   0.0 |       0 |      18 |   0.0 |   989
           D:2 |       0 |     251 |   0.0 |       0 |      26 |   0.0 |  1259
           D:3 |       0 |     173 |   0.0 |       0 |      27 |   0.0 |   850
           D:4 |       0 |      34 |   0.0 |       0 |      10 |   0.0 |   852
           D:5 |       0 |     465 |   0.0 |       0 |      20 |   0.0 |  1245
           D:6 |       0 |     561 |   0.0 |       0 |      34 |   0.0 |  1046
           D:7 |       0 |    1231 |   0.0 |       0 |      18 |   0.0 |  1232
           D:8 |       0 |    4095 |   0.0 |       0 |      50 |   0.0 |  1651
           D:9 |       0 |    2921 |   0.0 |       0 |      50 |   0.0 |  1484
          D:10 |       0 |    5229 |   0.0 |       0 |      50 |   0.0 |  1155
          D:11 |       0 |    3007 |   0.0 |       0 |      21 |   0.0 |  1153
        Lair:1 |       0 |    2099 |   0.0 |       0 |       9 |   0.0 |  1023
        Lair:2 |       0 |   12101 |   0.0 |       0 |      66 |   0.0 |  2557
        Lair:3 |       0 |    2560 |   0.0 |       0 |      18 |   0.0 |   664
        Lair:4 |       0 |    5667 |   0.0 |       0 |      27 |   0.0 |  1036
        Lair:5 |       0 |    6471 |   0.0 |       0 |      42 |   0.0 |  1535
        Lair:6 |       0 |    2739 |   0.0 |       0 |      14 |   0.0 |   137
               +---------+---------+-------+---------+---------+-------+---------
